 Dungeon Crawl Stone Soup version 0.19-a0-1365-gb34f4cb (webtiles) character file.

258 dorian the Slasher (level 5, -4/41 HPs)
             Began as a Demigod Skald on Sept 2, 2016.
             Killed by divine providence
             ... invoked by an orc priest
              (12 damage)
             ... on level 4 of the Dungeon.
             The game lasted 00:04:31 (3212 turns).

dorian the Slasher (Demigod Skald)                  Turns: 3212, Time: 00:04:32

Health: -4/41      AC:  3    Str: 15    XL:     5   Next: 62%
Magic:  2/10       EV: 13    Int: 16    God:
Gold:   175        SH:  0    Dex: 17    Spells: 2 memorised, 4 levels left

rFire  . . .     SeeInvis .     a - +0 falchion
rCold  . . .     Gourm    .     b - +0 leather armour
rNeg   . . .     Faith    .     (no shield)
rPois  .         Spirit   .     (no helmet)
rElec  .         Dismiss  .     (no cloak)
rCorr  .         Reflect  .     (no gloves)
MR     +....     Harm     .     (no boots)
Stlth  +.........               (no amulet)
                                (no ring)
                                p - ring of protection from magic

@: infused, very slightly contaminated
A: high mp 1
a: no special abilities


You were on level 4 of the Dungeon.
You were not hungry.

You visited 1 branch of the dungeon, and saw 4 of its levels.

You collected 175 gold pieces.

Inventory:

Hand Weapons
 a - a +0 falchion (weapon)
Armour
 b - a +0 leather armour (worn)
Magical Staves
 x - an uncursed staff of summoning
Jewellery
 p - a ring of protection from magic (left hand)
 v - an uncursed ring of ice
Scrolls
 f - a scroll of random uselessness {unknown}
 g - 2 scrolls of immolation {unknown}
 i - 2 scrolls of teleportation {unknown}
 k - a scroll of fear {unknown}
 n - 3 scrolls of identify {unknown}
 q - a scroll of remove curse {unknown}
 w - a scroll of enchant armour {unknown}
Potions
 e - 2 potions of brilliance {unknown}
 h - 2 potions of ambrosia {unknown}
 j - a potion of might {unknown}
 l - a potion of heal wounds {unknown}
 m - a potion of haste {unknown}
 o - a potion of magic {unknown}
 r - 2 potions of curing {unknown}
 s - a potion of degeneration {unknown}
Books
 c - a book of Battle

   Spells                             Type                      Level
   a - Infusion                       Charms                       1
   b - Shroud of Golubria             Charms/Translocation         2
   c - Song of Slaying                Charms                       2
   d - Spectral Weapon                Hexes/Charms                 3
   e - Regeneration                   Charms/Necromancy            3
Comestibles
 d - 2 bread rations
 t - 3 fruits
 u - a meat ration
 z - a beef jerky


   Skills:
 - Level 1.7 Fighting
 * Level 4.1 Long Blades
 - Level 0.8 Armour
 + Level 2.7 Dodging
 - Level 1.7 Spellcasting
 + Level 3.9 Charms


You had 4 spell levels left.
You knew the following spells:

 Your Spells              Type           Power        Failure   Level  Hunger
a - Infusion              Chrm           ##..         8%          1    ##.....
b - Shroud of Golubria    Chrm/Tloc      #.........   21%         2    ###....


Dungeon Overview and Level Annotations

Branches:
Dungeon (4/15)             Temple (0/1) D:4


Innate Abilities, Weirdness & Mutations

You have an increased reservoir of magic. (+10% MP)


Message History

Deactivating autopickup; reactivate with Ctrl-A.
Unknown command.
You closely miss the phantom.
The phantom is lightly damaged.
The phantom closely misses you. Something hits you.
Unknown command.
You hit the phantom.
The phantom is lightly damaged.
The phantom closely misses you. Something hits you but does no damage.
The orc priest calls down the wrath of Beogh upon you.
Beogh smites you!
Unknown command.
You barely miss something. The phantom closely misses you.
You hear some strange, mumbled words.
A puff of flame appears from out of thin air!
The puff of flame hits you!
* * * LOW HITPOINT WARNING * * *
The orc priest mumbles some strange prayers to Beogh against you.
Beogh smites you!
You die...

# # .# . #.####.#.#
#.#..... #..# .....
#. #..#.# ######.####
#. #..#.# #..W@{o.!.#
#.##..#.#
#.#######.###..#..#.#
#.......##......#.#
######.## #..#.#.#
#.....# #..<.#.#
#.....# ##...#.#
#..##.## #......#
#..#...####...>[..
....^._......##.###


You could see a phantom and an orc priest.

Vanquished Creatures
  The ghost of dorian the Slasher, a weakling DgSk (D:3)
  Terence (D:2)
  An orc wizard (D:3)
  4 worker ants (D:4)
  An adder (D:3)
  An ooze (D:1)
  2 giant geckos
  3 giant cockroaches
  6 goblins
  10 hobgoblins
  3 jackals (D:3)
  11 kobolds
  4 bats
  6 giant newts
  10 rats
64 creatures vanquished.

Notes
Turn   | Place    | Note
-------+----------+-------------------------------------------
     0 | D:1      | dorian the Demigod Skald began the quest for the Orb.
     0 | D:1      | Reached XP level 1. HP: 17/17 MP: 5/5
    19 | D:1      | Reached skill level 2 in Long Blades
    19 | D:1      | Reached skill level 1 in Dodging
    48 | D:1      | Reached XP level 2. HP: 6/24 MP: 7/7
   267 | D:1      | Learned a level 2 spell: Shroud of Golubria
  1364 | D:2      | Reached XP level 3. HP: 29/29 MP: 8/8
  1436 | D:2      | Noticed Terence
  1448 | D:2      | Killed Terence
  1551 | D:2      | Reached skill level 3 in Long Blades
  1611 | D:3      | Found a hide-covered altar of Uskayaw.
  1633 | D:3      | Noticed dorian's ghost (weakling DgSk)
  1644 | D:3      | Reached XP level 4. HP: 34/36 MP: 2/9
  1657 | D:3      | Killed dorian's ghost
  2321 | D:4      | Found a staircase to the Ecumenical Temple.
  2342 | D:4      | Reached XP level 5. HP: 24/41 MP: 10/10
  2785 | D:4      | Found a radiant altar of Vehumet.
  2808 | D:4      | Reached skill level 4 in Long Blades
  3206 | D:4      | Noticed a phantom
  3212 | D:4      | Killed from afar by an orc priest

Vault maps used:
D:1:      sevenhm_arrival_forest_fort_small_4
D:2:      uniq_terence
D:3:      eat_drink_and_be_merry_uskayaw
D:4:      nicolae_overflow_crystal_walls, nrook_loot_triangle,
          nicolae_dithmenos_shadow_blocks

Skill      XL: |  1  2  3  4  5 |
---------------+----------------+-----
Long Blades    | 2 3 4 |  4.1
Dodging        | 1 2 |  2.7
Charms         | 3 |  3.9
Fighting       | |  1.7
Armour         | |  0.8
Spellcasting   | |  1.7

Action                   |  1- 3 |  4- 6 || total
-------------------------+-------+-------++-------
Melee: Falchion          |   151 |   130 ||   281
 Cast: Infusion          |     2 |     3 ||     5
       Shroud of Golubri |     1 |     3 ||     4
 Stab: Sleeping          |     1 |     1 ||     2
  Eat: Chunk             |     3 |     5 ||     8
Armor: Leather armour    |    17 |    24 ||    41
Dodge: Dodged            |    75 |    64 ||   139
